Map: Lerilak Crest

Players

Justifier

  • Race: Terran Terran
  • League: Gold

LilDicky - Winner!

  • Race: Terran Terran
  • League: Diamond

VOD

http://www.twitch.tv/tumescentpie

Description

Time

  • Played on: Jan. 3, 2016, 6:43 p.m.
  • Length: 16:06
Show
View Real Time Build Order
Export as new Build Order

Justifier Terran 

Build Orders: 1/1/1 

Get SALT Encoding   

  12  0:00  SCV  
  13  0:12  SCV  
  14  0:17  Supply Depot  
  14  0:24  Refinery  
  14  0:29  SCV  
  15  0:41  SCV  
  16  0:46  Barracks  
  16  0:53  SCV  
  17  1:05  SCV  
  17  1:11  Refinery  
  18  1:18  SCV  
  19  1:33  Orbital Command  
  19  1:35  Reaper  
  20  1:44  Factory  
  20  2:00  Supply Depot, SCV  
  22  2:08  Reaper  
  22  2:14  SCV  
  23  2:28  Hellion  
  23  2:29  Starport  
  25  2:31  Supply Depot  
  25  2:32  SCV  
  26  2:40  Reaper  
  26  2:44  SCV  
  28  2:50  Hellion  
  30  2:56  SCV  
  31  3:03  Supply Depot  
  31  3:08  SCV  
  31  3:12  Hellion  
  34  3:19  Reaper  
  34  3:32  Starport Tech Lab  
  34  3:33  Hellion  
  37  4:01  Command Center  
  37  4:04  SCV  
  37  4:07  Factory Tech Lab, Barracks Reactor  
  38  4:16  SCV  
  39  4:23  Supply Depot, Cloaking Field  
  39  4:25  Siege Tank  
  42  4:34  Viking  
  41  4:43  Marine  
  41  4:44  Marine  
  41  4:45  SCV  
  44  5:01  Marine x2  
  35  5:19  Siege Tank, Marine x2  
  37  5:26  Orbital Command  
  35  5:36  Viking  
  35  5:37  Marine x2  
  39  5:49  Liberator  
  39  5:56  Siege Tank, Marine  
  39  5:57  Marine  
  47  6:14  Marine x2  
  49  6:32  Marine x2  
  50  6:37  Orbital Command  
  50  6:39  Siege Tank  
  52  6:49  Engineering Bay  
  52  6:52  Marine  
  52  6:53  Marine  
  54  6:59  SCV  
  55  7:02  Supply Depot  
  55  7:04  SCV  
  56  7:11  SCV  
  57  7:17  Siege Tank  
  57  7:18  SCV  
  57  7:20  Supply Depot  
  61  7:28  Missile Turret x3  
  61  7:30  SCV x2, Missile Turret  
  61  7:31  Liberator  
  63  7:44  Marine  
  63  7:46  Stimpack  
  63  7:48  Medivac  
  69  7:56  Siege Tank  
  69  7:57  SCV x2  
  74  8:02  Barracks, Marine  
  74  8:03  Barracks  
  74  8:05  Refinery  
  75  8:06  Refinery  
  75  8:09  SCV x2  
  77  8:16  Missile Turret  
  77  8:17  Terran Infantry Weapons Level 1, Supply Depot  
  77  8:18  Supply Depot  
  73  8:57  SCV x2  
  75  9:05  Marine  
  75  9:09  Command Center, SCV  
  77  9:12  Barracks Reactor  
  77  9:13  Barracks Reactor  
  77  9:23  Marine  
  78  9:35  Siege Tank  
  78  9:36  Sensor Tower  
  78  9:37  Viking, Medivac  
  85  9:41  Marine  
  85  9:42  Barracks  
  85  9:43  SCV x2  
  88  9:46  Combat Shields  
  88  9:55  SCV x2  
  88  9:59  Marine  
  91  10:07  SCV x2  
  93  10:20  Terran Infantry Armor Level 1, Medivac x2  
  97  10:21  Supply Depot  
  97  10:22  Supply Depot x2  
  97  10:24  Armory  
  97  10:25  SCV x2  
  97  10:27  Engineering Bay, Orbital Command  
  99  10:32  Missile Turret  
  99  10:37  SCV  
  99  10:38  SCV  
  101  10:49  SCV  
  102  10:50  SCV  
  102  10:51  Barracks Reactor  
  102  10:52  Siege Tank  
  102  10:53  Marine x5  
  102  10:55  SCV  
  112  11:01  Sensor Tower  
  112  11:02  SCV x2  
  114  11:07  SCV  
  114  11:11  Marine  
  116  11:14  SCV  
  116  11:17  Supply Depot x2  
  117  11:21  Terran Vehicle Weapons Level 1  
  117  11:24  Siege Tank  
  120  11:26  Missile Turret  
  120  11:28  SCV  
  120  11:29  Refinery  
  121  11:33  Supply Depot  
  121  11:43  Terran Infantry Weapons Level 2  
  121  11:45  Supply Depot  
  121  11:47  Supply Depot  
  121  11:51  Refinery  
  121  11:55  SCV  
  121  11:56  SCV x2  
  124  12:08  SCV  
  125  12:13  Medivac x2  
  125  12:15  Siege Tank, Marine  
  132  12:16  Marine x5  
  129  12:36  Marine x5  
  129  12:37  Marine x2  
  136  12:49  Siege Tank  
  139  12:53  Marine  
  139  13:01  Marine  
  139  13:02  Marine x5  
  145  13:06  SCV x3  
  145  13:11  Marine  
  149  13:18  SCV x2  
  149  13:19  Marine x2  
  146  13:20  Marine x4  
  151  13:29  Marine  
  152  13:37  Marine x2  
  125  13:58  Siege Tank  
  125  13:59  Marine x6  
  120  14:07  Medivac x2  
  111  14:16  Marine  
  111  14:17  Marine x5  
  107  14:18  Marauder  
  114  14:30  Siege Tank  
  117  14:35  Missile Turret  
  117  14:36  Missile Turret  
  114  14:38  Missile Turret  
  114  14:39  Missile Turret, Marauder  
  105  14:58  Viking x2  
  105  14:59  Orbital Command  
  102  15:00  Marauder  
  102  15:03  SCV x2  
  106  15:13  Marine  
  106  15:14  Marine x5  
  98  15:22  Marauder  
  86  15:47  Marine x2  
Show
View Real Time Build Order
Export as new Build Order

LilDicky Terran - Winner!

Build Orders: 1/1/1, Liberator Opening 

Get SALT Encoding   

  12  0:04  SCV  
  13  0:16  SCV  
  13  0:20  Supply Depot  
  14  0:28  SCV  
  15  0:41  SCV, Refinery  
  16  0:45  Barracks  
  16  0:54  SCV  
  17  1:06  SCV  
  18  1:18  SCV  
  19  1:26  Refinery  
  19  1:32  Marine  
  21  1:33  Supply Depot  
  21  1:34  Orbital Command  
  20  1:44  Factory  
  20  1:50  Marine  
  21  2:02  SCV  
  22  2:08  Marine  
  22  2:14  SCV  
  23  2:26  Marine  
  23  2:27  SCV  
  23  2:29  Factory Tech Lab, Starport  
  25  2:36  Supply Depot  
  25  2:39  SCV  
  26  2:44  Marine  
  28  2:51  SCV  
  28  2:53  Liberator  
  28  3:00  Siege Tank  
  28  3:03  SCV  
  32  3:06  Engineering Bay  
  35  3:16  Supply Depot  
  35  3:19  Marine  
  35  3:37  Marine  
  35  3:38  Siege Tank  
  35  3:55  Marine  
  36  4:02  SCV  
  37  4:10  Siege Tank  
  37  4:13  Marine  
  37  4:16  Viking  
  43  4:18  Command Center  
  43  4:24  SCV  
  43  4:30  Marine  
  44  4:42  Siege Tank  
  47  4:47  Supply Depot  
  47  4:48  SCV  
  44  5:23  Siege Tank  
  44  5:28  SCV  
  47  5:31  Viking  
  49  5:44  Orbital Command  
  49  5:47  SCV, Refinery  
  50  5:50  Refinery  
  50  5:55  Siege Tank  
  51  6:00  SCV, Liberator  
  47  6:12  SCV  
  51  6:19  SCV  
  51  6:24  SCV  
  53  6:31  SCV  
  51  6:36  SCV  
  45  6:42  Siege Tank  
  45  6:45  SCV  
  48  6:48  SCV  
  49  6:57  SCV  
  49  7:00  SCV  
  51  7:03  Viking  
  51  7:07  Starport  
  53  7:09  SCV  
  53  7:12  SCV  
  53  7:14  Siege Tank  
  58  7:16  Marine  
  58  7:18  Command Center  
  58  7:21  SCV  
  60  7:24  SCV  
  61  7:33  Command Center, SCV  
  61  7:34  Missile Turret  
  61  7:36  SCV  
  63  7:42  Hi-Sec Auto Tracking  
  63  7:43  Missile Turret, Starport Reactor  
  63  7:44  Starport Tech Lab  
  63  7:45  SCV  
  63  7:48  SCV  
  65  7:57  SCV  
  66  8:00  SCV  
  67  8:09  SCV  
  67  8:12  Supply Depot  
  68  8:13  SCV  
  68  8:16  Siege Tank  
  68  8:17  Cloaking Field  
  72  8:22  SCV  
  72  8:25  SCV  
  73  8:34  SCV  
  70  8:37  SCV  
  68  8:46  SCV  
  66  8:58  Viking x3  
  66  8:59  SCV  
  73  9:04  Planetary Fortress  
  73  9:05  Missile Turret  
  73  9:08  SCV  
  74  9:14  Supply Depot  
  74  9:30  Missile Turret x2  
  74  9:31  Viking, Missile Turret  
  73  9:32  Viking  
  73  9:37  Banshee  
  73  9:38  SCV x2  
  82  9:43  Planetary Fortress  
  82  9:47  Missile Turret  
  82  9:49  Missile Turret  
  82  9:51  Refinery  
  82  9:52  Refinery  
  82  9:59  SCV  
  83  10:00  SCV  
  83  10:01  Viking  
  83  10:02  SCV, Viking  
  88  10:08  Siege Tank  
  88  10:10  Command Center  
  88  10:12  SCV x2  
  93  10:14  SCV  
  93  10:20  Armory  
  94  10:21  Armory  
  94  10:22  SCV  
  94  10:24  SCV  
  94  10:27  Refinery  
  96  10:32  Marine  
  96  10:35  Viking x2  
  101  10:44  Siege Tank, Missile Turret  
  101  10:48  Banshee  
  107  10:53  SCV x2, Liberator x2, Fusion Core  
  109  11:00  Missile Turret  
  109  11:05  Missile Turret x3  
  112  11:21  Supply Depot  
  112  11:22  Terran Vehicle And Ship Armor Level 1, SCV x2, Supply Depot, Terran Ship Weapons Level 1  
  114  11:29  Refinery  
  114  11:34  SCV  
  114  11:38  Orbital Command  
  115  11:41  SCV x2  
  115  11:44  Siege Tank  
  122  11:49  Starport  
  122  11:51  Behemoth Reactor  
  122  11:52  Starport  
  120  11:58  Battlecruiser  
  126  12:02  SCV x2  
  126  12:07  SCV x2  
  130  12:16  SCV x2  
  130  12:18  SCV  
  133  12:25  Missile Turret  
  133  12:26  Missile Turret  
  133  12:32  Starport Tech Lab  
  133  12:36  Supply Depot  
  133  12:38  Starport Tech Lab  
  133  12:40  Supply Depot  
  132  12:45  Viking x2  
  136  13:02  Banshee  
  139  13:13  Command Center  
  139  13:15  Viking x2  
  143  13:25  Missile Turret  
  143  13:26  Banshee x2  
  149  13:28  Hyperflight Rotors  
  149  13:29  Advanced Ballistics  
  149  13:44  Banshee  
  147  14:06  Hellion  
  146  14:26  Refinery  
  146  14:28  Hellion  
  148  14:40  Refinery  
  129  15:17  Banshee x3  
  138  15:32  Siege Tank  
Tags
 
Add a new tag
Caveats
  • Supply blocks, unpowered buildings, or Contaminate may cause inaccurate times.
  • Supply counts are checked every 10 seconds.